 Dungeon Crawl Stone Soup version 0.19.0-16-g73b5abf (webtiles) character file.

124 KarmaPolice the Shooter (level 5, -12/36 HPs)
             Began as a Halfling Hunter on Nov 10, 2016.
             Killed by divine providence
             ... invoked by an orc priest
              (17 damage)
             ... on level 3 of the Dungeon.
             The game lasted 00:05:59 (2442 turns).

KarmaPolice the Shooter (Halfling Hunter)           Turns: 2442, Time: 00:06:01

Health: -12/36     AC:  5    Str: 13    XL:     5   Next: 30%
Magic:  5/5        EV: 14    Int:  9    God:
Gold:   138        SH:  0    Dex: 16    Spells: 0 memorised, 4 levels left

rFire  . . .     SeeInvis .     b - +0 short sword
rCold  . . .     Gourm    .     c - +0 leather armour
rNeg   . . .     Faith    .     (shield restricted)
rPois  .         Spirit   .     (no helmet)
rElec  .         Reflect  .     s - +0 cloak
rCorr  .         Harm     .     p - +0 pair of gloves (curse)
MR     .....                    (no boots)
Stlth  ++........               (no amulet)
                                (no ring)
                                (no ring)

@: no status effects
A: mutation resistance 1
a: no special abilities


You were on level 3 of the Dungeon.
You were not hungry.

You visited 1 branch of the dungeon, and saw 3 of its levels.

You collected 138 gold pieces.

Inventory:

Hand Weapons
 a - a +1 shortbow
 b - a +0 short sword (weapon)
 j - a +2 dagger of speed
Missiles
 d - 56 arrows
Armour
 c - a +0 leather armour (worn)
 p - a cursed +0 pair of gloves (worn)
 s - a +0 cloak (worn)
Jewellery
 h - a cursed -2 ring of dexterity {unknown}
Scrolls
 e - 2 scrolls of noise {unknown}
 k - a scroll of random uselessness {unknown}
 o - a scroll of remove curse {unknown}
 r - a scroll of immolation {unknown}
 t - a scroll of identify {unknown}
Potions
 i - a potion of curing {unknown}
 l - a potion of lignification {unknown}
 m - a potion of resistance {unknown}
 n - 3 potions of flight {unknown}
Comestibles
 f - 2 bread rations
 g - a meat ration
 q - a chunk of flesh
 u - 4 fruits


   Skills:
 + Level 3.0 Fighting
 + Level 2.7 Short Blades
 + Level 5.4 Bows
 - Level 2.1 Dodging
 - Level 1.1 Stealth


You had 4 spell levels left.
You didn't know any spells.

Dungeon Overview and Level Annotations

Branches:
Dungeon (3/15)

Altars:
Gozag
Kikubaaqudgha
Trog
Vehumet
Xom


Innate Abilities, Weirdness & Mutations

You are small and have problems with some larger weapons.
You are somewhat resistant to further mutation.


Message History

The bat closely misses you.
The orc priest mumbles some strange prayers to Beogh against you.
Beogh smites you!
You hit the orc priest.
The orc priest is moderately wounded.
The bat hits you. The orc priest misses you. The bat closely misses you.
You hit the orc priest but do no damage.
The orc priest is moderately wounded.
The bat hits you but does no damage. The orc priest hits you with a club.
* * * LOW HITPOINT WARNING * * *
The bat hits you but does no damage.
You barely miss the orc priest.
The orc priest is moderately wounded.
The bat hits you but does no damage. The orc priest hits you with a club.
* * * LOW HITPOINT WARNING * * *
You closely miss the orc priest.
The orc priest is moderately wounded.
The orc priest invokes the aid of Beogh against you.
Beogh smites you!
You die...

.. #.###.# #.(.........
#.#.# ##.######.######
#..# #.# #.###### #).#
#.# #....... #..##
##.#####.###### #.([##
##........#
####.###........##
######..b#.......#
........@o#.......#######
.#######............<....
#.##..[....#######
#.##.......# #.##.......#
#.# #...... #.. ... ###


You could see an orc priest and a bat.

Vanquished Creatures
  An orc priest (D:3)
  Natasha (D:3)
  An ooze (D:1)
  A worm (D:2)
  2 dart slugs (D:1)
  4 orcs
  2 ball pythons
  4 giant cockroaches
  5 goblins
  3 hobgoblins
  9 jackals
  6 bats
  4 frilled lizards
  2 kobolds
  7 rats
52 creatures vanquished.

Notes
Turn   | Place    | Note
-------+----------+-------------------------------------------
     0 | D:1      | KarmaPolice the Halfling Hunter began the quest for the Orb.
     0 | D:1      | Reached XP level 1. HP: 14/14 MP: 1/1
   220 | D:1      | Reached XP level 2. HP: 10/19 MP: 2/2
   237 | D:1      | Reached skill level 1 in Short Blades
   799 | D:1      | Reached XP level 3. HP: 24/24 MP: 3/3
  1167 | D:2      | Found a faded altar of an unknown god.
  1318 | D:2      | Found an opulent altar of Gozag.
  1377 | D:2      | Found a shimmering altar of Xom.
  1379 | D:2      | Found a radiant altar of Vehumet.
  1379 | D:2      | Found an opulent altar of Gozag.
  1382 | D:2      | Found an ancient bone altar of Kikubaaqudgha.
  1382 | D:2      | Found an ancient bone altar of Kikubaaqudgha.
  1382 | D:2      | Found a bloodstained altar of Trog.
  1474 | D:2      | Reached skill level 5 in Bows
  1836 | D:3      | HP: 1/25 [orc/falchion (3)]
  2108 | D:2      | Reached XP level 4. HP: 28/30 MP: 4/4
  2287 | D:3      | Noticed Natasha
  2295 | D:3      | Killed Natasha
  2295 | D:3      | Reached XP level 5. HP: 30/36 MP: 5/5
  2442 | D:3      | Killed from afar by an orc priest

Skill      XL: |  1  2  3  4 |
---------------+-------------+-----
Fighting       | 2 3 |  3.0
Short Blades   | 1 2 |  2.7
Bows           | 5 |  5.4
Dodging        | |  2.1
Stealth        | |  1.1

Action                   |  1- 3 |  4- 6 || total
-------------------------+-------+-------++-------
Melee: Short sword       |   146 |    30 ||   176
       Dagger            |       |    29 ||    29
 Fire: Shortbow          |     6 |    20 ||    26
 Stab: Sleeping          |     5 |       ||     5
  Eat: Chunk             |     3 |     2 ||     5
Armor: Leather armour    |    43 |    43 ||    86
Dodge: Dodged            |   115 |    82 ||   197
